 Dungeon Sprint DCSS version 0.29-a0-802-g34511f41fd (webtiles) character file.

Game seed: 5435104858780358511

38099 mhtbhm the Wrestler (level 13, -21/216 HPs)
             Began as a Troll Transmuter on July 4, 2022.
             Was an Initiate of Gozag.
             Killed from afar by a will-o-the-wisp (33 damage)
             ... with a foxfire
             ... in the Dungeon (Sprint IX: "|||||||||||||||||||||||||||||").
             The game lasted 00:10:43 (3392 turns).

mhtbhm the Wrestler (Troll Transmuter)              Turns: 3392, Time: 00:10:43

Health: -21/216    AC:  7    Str: 25    XL:     13   Next: 62%
Magic:  26/26      EV: 13    Int:  9    God:    Gozag
Gold:   2300       SH:  5    Dex: 10    Spells: 5/33 levels left

rFire   x . .      SeeInvis .     - Unarmed
rCold   + + +      Faith    .   (shield currently unavailable)
rNeg    . . .      Spirit   .   (body armour currently unavailable)
rPois   +          Reflect  +   (helmet currently unavailable)
rElec   .          Harm     .   (cloak currently unavailable)
rCorr   .          Rampage  .   (gloves unavailable)
Will    .....      NoTele   +   (boots unavailable)
Stlth   ..........              v - amulet of reflection
HPRegen 1.26/turn               x - ring of wizardry
MPRegen 0.20/turn               w - ring of wizardry

@: berserking, ice-form, wereblooded (expiring), gold aura, very quick
A: freezing attack, amphibious, boosted hp, large, unfitting armour, (claws 3),
regeneration 1, (shaggy fur 1), (tough skin 1)
a: End Transformation, Renounce Religion, Potion Petition, Call Merchant, Bribe
Branch


You were in the Dungeon.
You worshipped Gozag.
Gozag was most pleased with you.
You were a creature of crystalline ice.
You visited 1 branch You collected 10325 gold pieces.
You spent 4456 gold pieces at shops.
You paid 3569 gold pieces to Gozag.

Inventory:

Missiles
 b - a throwing net
 k - 5 curare-tipped darts
 r - 4 javelins
Armour
 a - a +1 robe of willpower (melded)
 q - a +2 cloak of stealth (melded)
Jewellery
 l - a ring of see invisible
 v - an amulet of reflection (around neck)
 w - a ring of wizardry (right front paw)
 x - a ring of wizardry (left front paw)
 y - a ring of willpower
 z - a ring of protection from fire
 A - a ring of fire
Wands
 j - a wand of roots (3)
Scrolls
 h - a scroll of blinking
 i - 2 scrolls of amnesia
 m - a scroll of fog
 n - 5 scrolls of fear
 o - 4 scrolls of enchant armour
 p - a scroll of poison
 t - 3 scrolls of enchant weapon
 u - 2 scrolls of identify
 C - a scroll of magic mapping
Potions
 c - 7 potions of curing
 d - 4 potions of haste
 e - a potion of resistance
 f - 4 potions of magic
 g - a potion of invisibility
 B - 2 potions of berserk rage
 D - 2 potions of lignification
Miscellaneous
 s - a condenser vane


   Skills:
 + Level 5.9 Fighting
 + Level 11.1 Dodging
 + Level 3.3 Stealth
 + Level 2.3 Shields
 + Level 24.5 Unarmed Combat
 + Level 10.6 Spellcasting
 + Level 12.6 Transmutations
 + Level 3.9 Ice Magic
 + Level 2.1 Earth Magic
 + Level 3.7 Evocations


You had 5 spell levels left.
You knew the following spells:

 Your Spells              Type           Power      Damage    Failure   Level
a - Beastly Appendage     Tmut           54%        N/A       1%          1
b - Wereblood             Tmut           27%        N/A       1%          2
c - Spider Form           Tmut/Pois      16%        N/A       1%          3
d - Ice Form              Ice/Tmut       19%        N/A       1%          4
e - Blade Hands           Tmut           13%        N/A       1%          5
f - Statue Form           Tmut/Erth      12%        N/A       26%         6
g - Dragon Form           Tmut           13%        N/A       17%         7

Your spell library contained the following spells:

 Spells                   Type           Power      Damage    Failure   Level
 Petrify                  Tmut/Erth      18%        N/A       1%          4
 Animate Armour           Summ/Erth      12%        N/A       22%         4
 Cause Fear               Hex            2%         N/A       32%         4
 Metabolic Englaciation   Hex/Ice        4%         N/A       38%         5
 Iron Shot                Conj/Erth      3%         9d2       96%         6
 Dragon's Call            Summ           2%         N/A       100%        9


Dungeon Overview and Level Annotations

Branches:
Dungeon (1/1)

Altars:
Cheibriados
Dithmenos
Elyvilon
Fedhas
Gozag
Hepliaklqana
Kikubaaqudgha
Makhleb
Nemelex Xobeh
Okawaru
Qazlal
Ru
Sif Muna
Trog
Uskayaw
Vehumet
Wu Jian
Xom
Yredelemnul
Zin
The Shining One
Jiyva
Lugonu

Shops:
D [?:*===


Innate Abilities, Weirdness & Mutations

You are a creature of crystalline ice.
You have a powerful freezing melee attack.
You are amphibious.
Your maximum health is increased.
Your armour is entirely melded.
You are incapable of wielding weapons or throwing items.
You are too large for most types of armour.
((You have claws for hands.))
Your natural rate of healing is unusually fast.
((You are covered in fur. (AC +1)))
((You have tough skin. (AC +1)))


Message History

You pummel the will-o-the-wisp!! You freeze the will-o-the-wisp.
You feel a bit better.
You destroy the will-o-the-wisp!
Your primal bloodlust is almost over.
The will-o-the-wisp gestures.
The will-o-the-wisp conjures some foxfire!
The spriggan rider hits you from afar with a +0 spear!
* * * LOW HITPOINT WARNING * * *
2 foxfires come into view.
Unknown command.
Okay, then.
Okay, then. [a] - 350 gold - resistance and might [b] - 273 gold - heal wounds and magic [c] - 338 gold - heal wounds, curing and berserk rage Purchase which effect?
You feel much better.
You feel better.
A red film seems to cover your vision as you go berserk!
You feel yourself moving faster!
You feel mighty!
The spriggan rider hits you from afar with a +0 spear!!
* * * LOW HITPOINT WARNING * * *
You feel a strong urge to attack something.
You howl as the wereblood boils in your veins!
You see here 63 gold pieces.
Unknown command.
You pummel the spriggan rider!! You freeze the spriggan rider.
The spriggan rider is heavily wounded.
The spriggan rider hits you with a +0 spear!!
* * * LOW HITPOINT WARNING * * *
Unknown command.
You pulverise the spriggan rider!!!
You freeze the spriggan rider!
You feel a bit better.
You kill the spriggan rider!
You feel a bit better.
You kill the hornet!
You howl as the wereblood boils in your veins!
You barely miss the foxfire. The foxfire hits you!!
The fire burns you terribly!
You die...
Your body crumbles into a pile of gold.

▓.▓.▓)▓.▓)▓.▓'▓.▓_
▓.▓.▓)▓.▓)▓.▓.▓.▓_
▓.▓.▓.▓.▓.▓.▓.▓.▓_
▓.▓.▓[▓.▓)▓)▓.▓.▓_
♣$♣.▓[▓.▓)▓.▓.▓.▓_
♣$♣.▓[▓.▓.▓.▓.▓.▓_
♣$♣.▓.▓.▓'▓.▓.▓.▓_
♣.♣.▓[▓.▓)▓.▓.▓.▓_
♣Y♣.▓[▓.▓)▓.▓.▓.▓_
♣v♣.▓[▓.▓)▓.▓.▓.▓_
♣§♣.▓)▓.▓.▓.▓'▓.▓_
♣v♣.▓.▓.▓)▓.▓.▓.▓_
♣v♣.▓.▓.▓)▓.▓.▓.▓_
♣.♣.▓.▓.▓)▓.▓.▓.▓_
▓+▓.▓.▓.▓)▓.▓.▓.▓_
▓.▓.▓.▓.▓.▓.▓.▓_ $
▓.▓.▓.▓.▓)▓.▓.▓_


You could see a will-o-the-wisp.

Vanquished Creatures
  Rupert (D)
  2 very ugly things (D)
  A stone giant (D)
  A spark wasp (D)
  Josephine (D)
  2 ettins (D)
  A rakshasa (D)
  A hydra (D)
  A catoblepas (D)
  Harold (D)
  A boulder beetle (D)
  An ogre mage (D)
  A two-headed ogre (D)
  Erica (D)
  A centaur warrior (D)
  An anaconda (D)
  A tengu warrior (D)
  A death yak (D)
  An alligator (D)
  A deep troll shaman (D)
  9 orc high priests (D)
  A naga sharpshooter (D)
  Urug (D)
  A spriggan (D)
  Sonja (D)
  2 swamp dragons (D)
  A naga ritualist (D)
  5 lindwurms (D)
  3 orc knights (D)
  A deep elf pyromancer (D)
  An ugly thing (D)
  A salamander (D)
  3 will-o-the-wisps (D)
  A cyclops (D)
  5 black mambas (D)
  An unseen horror (D)
  5 cane toads (D)
  A gargoyle (D)
  A kobold demonologist (D)
  Psyche (D)
  A komodo dragon (D)
  A troll (D)
  A tarantella (shapeshifter) (D)
  A hornet (D)
  A blink frog (shapeshifter) (D)
  A shadow (D)
  A wyvern (D)
  4 wraiths (D)
  3 yaks (D)
  Grum (D)
  A basilisk (D)
  4 water moccasins (D)
  6 orc warriors (D)
  A black bear (D)
  4 wolves (D)
  A bullfrog (D)
  A scorpion (D)
  10 orc priests (D)
  A jelly (D)
  An iguana (D)
  7 orc wizards (D)
  A gnoll (D)
  3 worms (D)
  6 orcs (D)
  A giant cockroach (D)
  A goblin (D)
  A frilled lizard (D)
  A kobold (D)
  A rat (D)
134 creatures vanquished.

Vanquished Creatures (others)
  4 foxfires (D)
4 creatures vanquished.

Grand Total: 138 creatures vanquished

Notes
Turn   | Place    | Note
-------+----------+-------------------------------------------
     0 | D        | mhtbhm the Troll Transmuter began the quest for the Orb.
     0 | D        | Reached XP level 1. HP: 18/18 MP: 1/1
    37 | D        | Noticed a jelly
    37 | D        | Noticed an iguana
    37 | D        | Noticed a scorpion
    40 | D        | Killed a jelly
    41 | D        | Reached skill level 5 in Unarmed Combat
    41 | D        | Reached XP level 2. HP: 26/26 MP: 2/4
    41 | D        | Reached XP level 3. HP: 32/32 MP: 2/5
    45 | D        | Reached skill level 6 in Unarmed Combat
    47 | D        | Killed a scorpion
    48 | D        | Reached skill level 1 in Fighting
    48 | D        | Reached skill level 7 in Unarmed Combat
    48 | D        | Reached XP level 4. HP: 41/41 MP: 2/7
    61 | D        | Found a snail-covered altar of Cheibriados.
    61 | D        | Found a shadowy altar of Dithmenos.
    61 | D        | Found a white marble altar of Elyvilon.
    61 | D        | Found a blossoming altar of Fedhas.
    61 | D        | Found an opulent altar of Gozag.
    62 | D        | Found a hazy altar of Hepliaklqana.
    63 | D        | Found a viscous altar of Jiyva.
    64 | D        | Found an ancient bone altar of Kikubaaqudgha.
    65 | D        | Found a corrupted altar of Lugonu.
    66 | D        | Found a burning altar of Makhleb.
    67 | D        | Found a sparkling altar of Nemelex Xobeh.
    68 | D        | Found an iron altar of Okawaru.
    69 | D        | Found a stormy altar of Qazlal.
    70 | D        | Found a sacrificial altar of Ru.
    71 | D        | Found a shimmering blue altar of Sif Muna.
    72 | D        | Found a bloodstained altar of Trog.
    73 | D        | Found a hide-covered altar of Uskayaw.
    74 | D        | Found a radiant altar of Vehumet.
    75 | D        | Found an ornate altar of the Wu Jian Council.
    76 | D        | Found a shimmering altar of Xom.
    77 | D        | Found a basalt altar of Yredelemnul.
    78 | D        | Found a glowing silver altar of Zin.
    79 | D        | Found a glowing golden altar of the Shining One.
    93 | D        | Became a worshipper of Gozag Ym Sagoz the Greedy
   133 | D        | Learned a level 2 spell: Wereblood
   137 | D        | Learned a level 3 spell: Spider Form
   139 | D        | Noticed a kobold demonologist
   139 | D        | Noticed an orc warrior
   139 | D        | Noticed a troll
   139 | D        | Noticed a yak
   140 | D        | Noticed a rust devil
   230 | D        | Killed a kobold demonologist
   231 | D        | Reached skill level 10 in Unarmed Combat
   231 | D        | Reached XP level 5. HP: 48/48 MP: 7/9
   231 | D        | Reached XP level 6. HP: 55/55 MP: 7/10
   234 | D        | Killed an orc warrior
   235 | D        | Reached skill level 5 in Dodging
   237 | D        | Reached skill level 11 in Unarmed Combat
   242 | D        | Killed a troll
   243 | D        | Reached skill level 1 in Evocations
   243 | D        | Reached XP level 7. HP: 30/63 MP: 8/12
   245 | D        | Reached skill level 12 in Unarmed Combat
   245 | D        | Reached skill level 5 in Transmutations
   402 | D        | Killed a yak
   428 | D        | Learned a level 4 spell: Ice Form
   746 | D        | Noticed a centaur warrior
   746 | D        | Noticed a two-headed ogre
   746 | D        | Noticed a gargoyle
   746 | D        | Noticed a shadow
   746 | D        | Noticed a boulder beetle
   752 | D        | Killed a centaur warrior
   753 | D        | Reached skill level 13 in Unarmed Combat
   753 | D        | Reached skill level 5 in Spellcasting
   753 | D        | Reached XP level 8. HP: 66/72 MP: 5/14
   757 | D        | Killed a two-headed ogre
   758 | D        | Reached skill level 14 in Unarmed Combat
   758 | D        | Reached skill level 1 in Ice Magic
   758 | D        | Reached XP level 9. HP: 64/80 MP: 5/16
   765 | D        | Killed a gargoyle
   766 | D        | Reached skill level 1 in Stealth
   768 | D        | Killed a boulder beetle
   769 | D        | Reached skill level 15 in Unarmed Combat
   782 | D        | Killed an unseen horror
   950 | D        | Noticed a cane toad
   950 | D        | Noticed a cane toad
   950 | D        | Noticed a cane toad
   951 | D        | Noticed a cane toad
   953 | D        | Killed a cane toad
   959 | D        | Killed a cane toad
   960 | D        | Reached XP level 10. HP: 91/91 MP: 12/18
   963 | D        | Killed a cane toad
   964 | D        | Reached skill level 16 in Unarmed Combat
   973 | D        | Killed a cane toad
  1067 | D        | Noticed a cane toad
  1069 | D        | Noticed a death yak
  1086 | D        | Killed a death yak
  1087 | D        | Reached skill level 17 in Unarmed Combat
  1092 | D        | Killed a cane toad
  1129 | D        | Noticed a lindwurm
  1129 | D        | Noticed a lindwurm
  1129 | D        | Noticed a lindwurm
  1129 | D        | Noticed a lindwurm
  1130 | D        | Noticed a lindwurm
  1132 | D        | Killed a lindwurm
  1138 | D        | Killed a lindwurm
  1144 | D        | Killed a lindwurm
  1145 | D        | Reached skill level 18 in Unarmed Combat
  1145 | D        | Reached XP level 11. HP: 100/100 MP: 15/20
  1145 | D        | Killed a lindwurm
  1148 | D        | Killed a lindwurm
  1232 | D        | Noticed Josephine
  1243 | D        | Killed Josephine
  1248 | D        | Reached skill level 19 in Unarmed Combat
  1257 | D        | Noticed Urug
  1270 | D        | Killed Urug
  1288 | D        | Noticed Erica
  1295 | D        | Killed Erica
  1338 | D        | Bought a book of Iron for 576 gold pieces
  1338 | D        | Bought a book of Sloth for 576 gold pieces
  1338 | D        | Bought a book of the Dragon for 736 gold pieces
  1344 | D        | Learned a level 5 spell: Blade Hands
  1351 | D        | Learned a level 6 spell: Statue Form
  1354 | D        | Noticed an ettin
  1364 | D        | Killed an ettin
  1436 | D        | Noticed an orc knight
  1436 | D        | Noticed an orc high priest
  1436 | D        | Noticed an orc high priest
  1444 | D        | Killed an orc knight
  1445 | D        | Reached skill level 20 in Unarmed Combat
  1448 | D        | Killed an orc high priest
  1449 | D        | Reached skill level 10 in Dodging
  1449 | D        | Noticed an orc knight
  1451 | D        | Killed an orc high priest
  1455 | D        | Noticed an orc knight
  1456 | D        | Killed an orc knight
  1464 | D        | Killed an orc knight
  1521 | D        | Found Ryxoago's Assorted Antiques.
  1521 | D        | Noticed an orc high priest
  1521 | D        | Noticed an orc high priest
  1522 | D        | Noticed an orc high priest
  1524 | D        | Found Lobano's Jewellery Shoppe.
  1527 | D        | Noticed an orc high priest
  1529 | D        | Found Nerris's Jewellery Emporium.
  1531 | D        | Killed an orc high priest
  1532 | D        | Reached skill level 21 in Unarmed Combat
  1532 | D        | Reached XP level 12. HP: 73/109 MP: 17/23
  1536 | D        | Killed an orc high priest
  1540 | D        | Found Zafo's Jewellery Shoppe.
  1541 | D        | Noticed an orc high priest
  1542 | D        | Killed an orc high priest
  1545 | D        | Killed an orc high priest
  1548 | D        | Noticed an orc high priest
  1551 | D        | Noticed an orc high priest
  1555 | D        | Killed an orc high priest
  1556 | D        | Reached skill level 10 in Transmutations
  1763 | D        | Killed an orc high priest
  1839 | D        | Killed an orc high priest
  1840 | D        | Reached skill level 5 in Fighting
  1878 | D        | Bought a scroll of blinking for 210 gold pieces
  1878 | D        | Bought a condenser vane for 1120 gold pieces
  1878 | D        | Bought a scroll labelled UVIQASI MUDA for 28 gold pieces
  1878 | D        | Bought a scroll labelled ZOOFAFF GUPYD for 28 gold pieces
  1880 | D        | Bought an amulet of reflection for 300 gold pieces
  1890 | D        | Bought a ring of wizardry for 300 gold pieces
  1890 | D        | Bought a ring of wizardry for 300 gold pieces
  1908 | D        | Learned a level 7 spell: Dragon Form
  1977 | D        | Noticed Grum
  1978 | D        | Noticed Sonja
  1984 | D        | Killed Grum
  1985 | D        | Noticed Psyche
  1992 | D        | Killed Sonja
  1993 | D        | Reached skill level 22 in Unarmed Combat
  1993 | D        | Killed Psyche
  2316 | D        | Bought a scroll of fear for 52 gold pieces
  2316 | D        | Bought a scroll of identify for 30 gold pieces
  2316 | D        | Bought a scroll of magic mapping for 52 gold pieces
  2655 | D        | Noticed an ogre mage
  2655 | D        | Noticed a tengu warrior
  2661 | D        | Killed an ogre mage
  2669 | D        | Noticed a catoblepas
  2669 | D        | Noticed a deep troll shaman
  2671 | D        | Killed a tengu warrior
  2671 | D        | Noticed a rakshasa
  2672 | D        | Reached skill level 1 in Earth Magic
  2672 | D        | Noticed a stone giant
  2676 | D        | Killed a catoblepas
  2676 | D        | Noticed a brown very ugly thing
  2679 | D        | Killed a deep troll shaman
  2683 | D        | Killed a rakshasa
  2688 | D        | Killed a stone giant
  2698 | D        | Noticed a spark wasp
  2698 | D        | Noticed a brown very ugly thing
  2698 | D        | Noticed an ettin
  2712 | D        | Killed a brown very ugly thing
  2819 | D        | Killed a spark wasp
  2820 | D        | Reached skill level 23 in Unarmed Combat
  2820 | D        | Reached XP level 13. HP: 32/118 MP: 17/25
  2941 | D        | Killed a brown very ugly thing
  2945 | D        | Killed an ettin
  3150 | D        | Noticed Harold
  3156 | D        | Killed Harold
  3157 | D        | Noticed Rupert
  3166 | D        | Killed Rupert
  3167 | D        | Reached skill level 10 in Spellcasting
  3285 | D        | Reached skill level 1 in Shields
  3313 | D        | Bought a twisted robe for 148 gold pieces
  3313 | D        | Identified the +1 robe of Gozag's Scorn {Dex+3} (You bought
                  | it in a shop in the Dungeon)
  3368 | D        | Reached skill level 24 in Unarmed Combat
  3390 | D        | HP: 7/216 [spriggan rider/+0 spear (25)]
  3392 | D        | Killed from afar by a will-o-the-wisp

Illustrated notes

Levels and vault maps discovered:
D:        linesprint [early_d, line_temple, items_1, d_10, items_2, lair_1,
          lair_end, items_3, orc_1, orc_end, items_4, d_15, swamp_1, shoals_1,
          snake_1, spider_1, d_20, vaults_1, items_5, swamp_end, shoals_end,
          snake_end, spider_end, vaults_end, d_27, items_6, zot_1, zot_end,
          crypt_end, forest_end, elf_end, slime_end, tomb_end, abyss_end,
          pan_hell_end]

Skill      XL: |  1  2  3  4  5  6  7  8  9 10 11 12 13 |
---------------+----------------------------------------+-----
Dodging        | 2 3 4 5 6 7 8 9 10 11 | 11.1
Unarmed Combat | 5 7 10 11 13 14 15 18 21 23 24 | 24.5
Spellcasting   | 2 3 4 5 6 7 8 9 10 | 10.6
Transmutations | 2 3 4 5 6 7 8 9 11 12 | 12.6
Fighting       | 1 2 3 4 5 |  5.9
Evocations     | 1 2 3 |  3.7
Ice Magic      | 1 3 |  3.9
Stealth        | 1 2 3 |  3.3
Earth Magic    | 1 2 |  2.1
Shields        | 2 |  2.3

Action                   |  1- 3 |  4- 6 |  7- 9 | 10-12 | 13-15 || total
-------------------------+-------+-------+-------+-------+-------++-------
Melee: Unarmed           |    21 |    31 |    33 |   212 |    61 ||   358
       Punch             |     1 |     2 |       |    15 |     4 ||    22
       Kick              |       |     5 |       |       |       ||     5
       Headbutt          |       |     3 |       |       |       ||     3
 Cast: Beastly Appendage |     1 |     1 |       |     2 |     1 ||     5
       Wereblood         |       |     1 |     2 |    11 |     4 ||    18
       Ice Form          |       |       |     2 |     3 |     1 ||     6
       Blade Hands       |       |       |       |    11 |     3 ||    14
       Statue Form       |       |       |       |     1 |       ||     1
Invok: Call Merchant     |       |       |       |     2 |     1 ||     3
       Potion Petition   |       |       |       |     2 |     1 ||     3
Evoke: Wand              |       |     3 |     2 |     2 |       ||     7
       Condenser vane    |       |       |       |     2 |       ||     2
  Use: Potion            |     1 |     3 |     2 |     2 |       ||     8
       Scroll            |       |     1 |       |     3 |       ||     4
 Stab: Distracted        |       |       |       |     1 |       ||     1
Armor: Robe              |     5 |       |     2 |     3 |     1 ||    11
       Skin              |       |     7 |     6 |    16 |     4 ||    33
Dodge: Dodged            |     6 |     9 |    13 |    57 |    13 ||    98
Block: Other             |       |       |       |     4 |     8 ||    12

Table legend: (Time is in decaauts)
 A = Elapsed time spent in this place.
 B = Non-inter-level travel time spent in this place.
 C = Inter-level travel time spent in this place.
 D = Time resting spent in this place.
 E = Time spent auto-exploring this place.
 F = Levels seen in this place.
 G = Mean time per level.
                   A        B        C        D        E       F      G
               +--------+--------+--------+--------+--------+-----+--------+
         Total |   3256 |   3256 |      0 |   1432 |    490 |   1 | 3256.0 |
       Dungeon |   3256 |   3256 |      0 |   1432 |    490 |   1 | 3256.0 |
               +--------+--------+--------+--------+--------+-----+--------+

Top non-repeatable levels by time:
       D: 3256 daAuts
